 Dungeon Crawl Stone Soup version 0.23.1 (webtiles) character file.

Game seed: 0

44 Fang the Skirmisher (level 3, 0/24 HPs)
             Began as a Gargoyle Berserker on Mar 5, 2019.
             Was a Believer of Trog.
             Shot with an arrow by a centaur (13 damage)
             ... on level 2 of the Dungeon.
             The game lasted 00:01:27 (1088 turns).

Fang the Skirmisher (Gargoyle Berserker)            Turns: 1088, Time: 00:01:28

Health: 0/24       AC:  5    Str: 21    XL:     3   Next: 62%
Magic:  3/3        EV: 12    Int:  7    God:    Trog [**....]
Gold:   63         SH:  0    Dex:  9    Spells: 2/2 levels left

rFire    . . .     SeeInvis .   a - +0 hand axe
rCold    . . .     Gourm    .   (no shield)
rNeg     + . .     Faith    .   b - +0 animal skin
rPois    ∞         Spirit   .   (no helmet)
rElec    +         Reflect  .   (no cloak)
rCorr    .         Harm     .   (no gloves)
MR       .....                  (no boots)
Stlth    +.........             (no amulet)
HPRegen  0.08/turn              (no ring)
MPRegen  0.08/turn              (no ring)

@: no status effects
A: negative energy resistance 1, electricity resistance, unbreathing,
petrification resistance, rot immunity, AC +3
a: Berserk, Trog's Hand, Renounce Religion


You were on level 2 of the Dungeon.
You worshipped Trog.
Trog was pleased with you.
You were not hungry.

You visited 1 branch of the dungeon, and saw 2 of its levels.

You collected 63 gold pieces.

Inventory:

Hand Weapons
 a - a +0 hand axe (weapon)
Armour
 b - a +0 animal skin (worn)
Scrolls
 d - a scroll of identify {unknown}
 e - a scroll of amnesia {unknown}
 h - a scroll of teleportation {unknown}
 i - a scroll of remove curse {unknown}
Potions
 g - 2 potions of curing {unknown}
 j - a potion of lignification {unknown}
 k - a potion of haste {unknown}
Comestibles
 c - 3 rations
 f - 3 chunks of flesh


   Skills:
 + Level 3.8 Fighting
 + Level 3.1 Axes
 + Level 2.8 Armour
 + Level 2.1 Dodging


You had 2 spell levels left.
You didn't know any spells.
Your spell library was empty.

Dungeon Overview and Level Annotations

Branches:
Dungeon (2/15)

Altars:
Cheibriados
Kikubaaqudgha
Ru
Yredelemnul


Innate Abilities, Weirdness & Mutations

You are resistant to torment.
Your stone body is resilient. (AC +3)
You are immune to poison.
You resist negative energy. (rN+)
You are resistant to electric shocks. (rElec)
You can survive without breathing.
You are immune to petrification.
You are immune to rotting.


Message History

Found a stone staircase leading down.
Things that are here:
a +0 club; a hobgoblin corpse You butcher the hobgoblin corpse.
f - 3 chunks of flesh (gained 2)
Things that are here:
a +0 club; a hobgoblin skeleton
Things that are here:
a +0 club; a hobgoblin skeleton You now have 63 gold pieces (gained 3).
Things that are here:
a +0 club; a hobgoblin skeleton A centaur comes into view.
The centaur wields a +0 shortbow.
The centaur shoots an arrow.
The arrow hits you!
You see here an arrow.
A centaur is nearby!
The centaur shoots an arrow.
The arrow hits you!
Ouch! That really hurt!
You die...

#. #.## #... .##
#..######.....
#.....@>..c...
##.##(###.####
##.#.......##
#..)#######.##
#..#..≈≈≈..#.##
##.#..≈...≈..#.## ##
#.#...≈._.≈...#.#...
##.#..≈...≈..#....
##.#..≈≈≈..#..#


You could see a centaur.

Vanquished Creatures
  2 adders (D:2)
  An ooze (D:1)
  A ball python (D:1)
  3 bats
  3 giant cockroaches (D:1)
  A goblin (D:1)
  2 hobgoblins
  5 kobolds (D:1)
  2 frilled lizards (D:2)
  3 rats (D:1)
23 creatures vanquished.

Notes
Turn   | Place    | Note
-------+----------+-------------------------------------------
     0 | D:1      | Fang the Gargoyle Berserker began the quest for the Orb.
     0 | D:1      | Reached XP level 1. HP: 14/14 MP: 1/1
   432 | D:1      | Reached XP level 2. HP: 19/19 MP: 2/2
   968 | D:2      | Reached XP level 3. HP: 17/24 MP: 3/3
   996 | D:2      | Found a snail-covered altar of Cheibriados.
   996 | D:2      | Found a basalt altar of Yredelemnul.
   997 | D:2      | Found an ancient bone altar of Kikubaaqudgha.
  1004 | D:2      | Reached ** piety under Trog
  1061 | D:2      | Found a sacrificial altar of Ru.
  1087 | D:2      | Noticed a centaur
  1088 | D:2      | Shot with an arrow by a centaur

Skill      XL: |  1  2 |
---------------+-------+-----
Axes           | 3 |  3.1
Dodging        | 2 |  2.1
Fighting       | |  3.8
Armour         | |  2.8

Action                   || total
-------------------------++-------
Melee: Hand axe          ||    80
Invok: Berserk           ||     1
  Eat: Chunk             ||     2
Armor: Animal skin       ||    31
Dodge: Dodged            ||    58
